AoeStats
← ThunderboltX

Arabia

509712384Analyzed
1v1 RM · 5d ago on Sep 27, 2026· 19m 27s· 2 players
Game mode
Random Map
Map size
Tiny (2 player)
Population
200
Speed
Normal
Resources
Standard
Victory
Conquest
Starting age
Dark Age
Ending age
Imperial Age
RankedLock teamsTeams togetherTeam positionsShared explorationLock speedFull tech treeHidden civsTurbo modeCheats
Victory
Defeat
🇧🇬 Maya · Bulgaria
2377
+13
🇨🇷 Bohemians · Costa Rica
2319
-13
DS_John III
6:04 Loom
10:03 Feudal Age
11:16 Double-Bit Axe
12:06 Fletching
15:12 Padded Archer Armor
20:35 Castle Age
ThunderboltX
0:25 Loom
8:21 Feudal Age
9:08 Double-Bit Axe
11:56 Fletching
19:17 Castle Age
17:28 Horse Collar
19:54 Bodkin Arrow
19:19 Crossbowman
Connection lost

Rejoining the realm…

Still unreachable

The connection could not be restored.

Session expired

The server has moved on; the page needs a fresh start.